AoeStats
← bennett308

Arena

504848624Analyzed
2v2 RM · 25d ago on Sep 6, 2026· 62m 53s· 4 players
Game mode
Random Map
Map size
Medium (4 player)
Population
200
Speed
Normal
Resources
Standard
Victory
Conquest
Starting age
Dark Age
Ending age
Imperial Age
RankedLock teamsTeams togetherTeam positionsShared explorationLock speedFull tech treeHidden civsTurbo modeCheats
Victory
Defeat
🇵🇪 Franks · Peru
619
+17
🇬🇧 Persians · United Kingdom
594
+18
🇺🇸 Khitans · United States
701
-20
🇺🇸 Britons · United States
576
-20
Sant_08
3:46 Loom
14:47 Feudal Age
16:00 Man-at-Arms
23:06 Castle Age
22:04 Wheelbarrow
22:36 Double-Bit Axe
23:36 Stone Mining
23:37 Gold Mining
25:24 Pikeman
28:17 Forging
28:13 Scale Barding Armor
28:09 Scale Mail Armor
30:00 Iron Casting
32:58 Imperial Age
35:05 Chemistry
34:28 Hand Cart
35:40 Hoardings
38:40 Conscription
38:43 Husbandry
39:48 Chain Barding Armor
40:29 Blast Furnace
40:04 Cavalier
42:04 Squires
50:03 Blast Furnace
49:39 Plate Barding Armor
bennett308
3:31 Loom
14:40 Feudal Age
15:12 Town Watch
16:02 Wheelbarrow
16:41 Horse Collar
20:18 Man-at-Arms
24:48 Castle Age
23:09 Stone Mining
23:09 Gold Mining
24:51 Padded Archer Armor
24:42 Fletching
24:52 Scale Mail Armor
24:58 Scale Barding Armor
24:43 Long Swordsman
26:11 Town Patrol
27:48 Stone Shaft Mining
29:46 Heavy Plow
31:16 Gambesons
32:41 Double-Bit Axe
36:52 Imperial Age
35:59 Gold Shaft Mining
38:32 Crossbowman
38:55 Cavalier
41:31 Hand Cart
46:27 Thumb Ring
47:07 Hoardings
46:03 Sappers
57:31 Elite War Elephant
About95babys
11:04 Feudal Age
19:05 Castle Age
17:24 Horse Collar
17:35 Double-Bit Axe
17:46 Gold Mining
18:48 Wheelbarrow
26:34 Imperial Age
24:27 Hand Cart
24:53 Padded Archer Armor
26:21 Leather Archer Armor
26:29 Fletching
27:14 Yeomen
27:51 Ring Archer Armor
28:14 Conscription
28:07 Bodkin Arrow
29:49 Ballistics
30:31 Chemistry
31:24 Elite Longbowman
32:34 Bracer
33:54 Caravan
DisgruntledShark
10:59 Feudal Age
11:38 Double-Bit Axe
12:56 Domestication
17:27 Castle Age
16:05 Gold Mining
16:07 Stone Mining
17:51 Forging
18:40 Husbandry
18:00 Light Cavalry
19:15 Bow Saw
20:58 Iron Casting
20:40 Loom
21:10 Pastoralism
22:47 Stone Shaft Mining
22:49 Wheelbarrow
22:38 Fletching
24:30 Padded Archer Armor
26:24 Scale Barding Armor
28:06 Chain Barding Armor
27:42 Bodkin Arrow
28:12 Leather Archer Armor
28:38 Hand Cart
28:08 Town Watch
29:26 Town Patrol
29:51 Scale Mail Armor
30:15 Ballistics
30:05 Masonry
30:07 Fortified Wall
29:37 Treadmill Crane
34:01 Imperial Age
33:12 Sanctity
33:03 Fervor
33:45 Arson
34:01 Squires
34:19 Chain Mail Armor
34:08 Devotion
34:30 Pikeman
34:39 Hussar
37:56 Guilds
39:11 Conscription
39:17 Conscription
38:48 Heavy Camel Rider
40:07 Plate Barding Armor
39:33 Bracer
40:04 Ring Archer Armor
40:07 Plate Mail Armor
40:34 Ordo Cavalry
40:44 Caravan
Connection lost

Rejoining the realm…

Still unreachable

The connection could not be restored.

Session expired

The server has moved on; the page needs a fresh start.